 Dungeon Crawl Stone Soup version 0.16.2-12-gd0ad4c3 (webtiles) character file.

218 kroki the Chopper (level 5, -1/47 HPs)
             Began as a Minotaur Skald on Mar 15, 2016.
             Was a Follower of Trog.
             Slain by kroki's ghost (5 damage)
             ... on level 3 of the Dungeon.
             The game lasted 00:03:13 (2388 turns).

kroki the Chopper (Minotaur Skald)                  Turns: 2388, Time: 00:03:14

Health: -1/47      AC:  5    Str: 17    XL:     5   Next: 63%
Magic:  4/4        EV: 10    Int:  9    God:    Trog [*.....]
Gold:   83         SH:  0    Dex: 12    Spells: 1 memorised, 5 levels left

rFire  . . .     SeeInvis .     f - +2 whip (freeze)
rCold  . . .     Clarity  .     i - +0 ring mail
rNeg   . . .     SustAb   .     (no shield)
rPois  .         Gourm    .     (helmet restricted)
rElec  .         Spirit   .     (no cloak)
rCorr  .         Warding  .     (no gloves)
rMut   .         Stasis   .     (no boots)
MR     +....                    (no amulet)
Stlth  +.........               n - +2 ring of dexterity
                                r - ring of protection from magic {MR+, !d}

@: drained, somewhat resistant to hostile enchantments, very unstealthy
A: retaliatory headbutt, horns 2
a: Burn Spellbooks, Berserk, Renounce Religion


You were on level 3 of the Dungeon.
You worshipped Trog.
Trog was aware of your devotion.
You were not hungry.

You visited 1 branch of the dungeon, and saw 3 of its levels.

You collected 83 gold pieces.

Inventory:

Hand weapons
 a - a +0 hand axe
 f - a +2 whip of freezing (weapon)
   (You found it on level 1 of the Dungeon)
 p - a +0 whip of draining
   (You took it off an orc on level 3 of the Dungeon)
Armour
 b - a +0 leather armour
 i - a +0 ring mail (worn)
   (You found it on level 2 of the Dungeon)
Jewellery
 l - an uncursed ring of positive energy {rN+}
   (You found it on level 2 of the Dungeon)
 n - a +2 ring of dexterity (right hand)
   (You found it on level 2 of the Dungeon)
 r - a ring of protection from magic (left hand) {MR+, !d}
   (You found it on level 3 of the Dungeon)
Scrolls
 e - 2 scrolls of remove curse
 q - a scroll of enchant weapon {unknown}
Potions
 g - 2 potions of restore abilities
 h - a potion of invisibility {unknown}
 j - a potion of cure mutation {unknown}
Books
 c - a book of Battle
Comestibles
 k - a beef jerky
 m - 4 slices of pizza
 o - 2 bread rations {@e1}


   Skills:
 + Level 4.5(4.4) Fighting
 * Level 6.0(5.9) Axes
 - Level 1.2(1.1) Armour
 - Level 1.1(1.0) Dodging
 - Level 1.3 Spellcasting
 - Level 2.0(1.9) Charms


You had 5 spell levels left.
You knew the following spells:

 Your Spells              Type           Power        Failure   Level  Hunger
a - Infusion              Chrm           #.....       34%         1    ##.....


Dungeon Overview and Level Annotations

Branches:
Dungeon (3/15)

Altars:
Trog

Annotations:
D:3 kroki's ghost, average MiSk


Innate Abilities, Weirdness & Mutations

You reflexively headbutt those who attack you in melee.
You have a pair of horns on your head.


Message History

There are monsters nearby!
There are monsters nearby!
There are monsters nearby!
There are monsters nearby!
You hit the ball python. You headbutt the ball python.
You kill the ball python!
Trog accepts your kill.
A worm is nearby!
You hit the worm. You headbutt the worm.
A worm is nearby!
You hit the worm. You drain the worm! The worm bites you.
You take 2 damage, and have 45/47 hp.
A worm is nearby!
You hit the worm. Your headbutt misses the worm.
The worm bites you but does no damage.
A worm is nearby!
You hit the worm. You drain the worm! You headbutt the worm.
You kill the worm!
Trog accepts your kill.
You see here a ball python corpse.
You offer a prayer to Trog.
The ball python corpse is slowly consumed by flames.
Trog is aware of your devotion.
You see here a worm corpse.
You offer a prayer to Trog.
The worm corpse is consumed in a column of flame.
Trog is aware of your devotion.
A giant cockroach comes into view.
A giant cockroach is nearby!
A giant cockroach is nearby!
A giant cockroach is nearby!
A giant cockroach is nearby!
You barely miss the giant cockroach.
Your headbutt misses the giant cockroach.
The giant cockroach barely misses you.
A giant cockroach is nearby!
You hit the giant cockroach but do no damage.
You drain the giant cockroach!
The giant cockroach bites you but does no damage.
A giant cockroach is nearby!
You completely miss the giant cockroach.
The giant cockroach bites you but does no damage.
A giant cockroach is nearby!
You closely miss the giant cockroach. The giant cockroach closely misses you.
A giant cockroach is nearby!
You hit the giant cockroach.
You kill the giant cockroach!
Trog accepts your kill.
m - 4 slices of pizza (gained 1) Kroki's ghost (average Minotaur Skald) comes into view.
Kroki's ghost turns its malevolent gaze towards you.
Kroki's ghost is nearby!
Health restored: 47 Kroki's ghost shrieks, "You will never get the ORB!"
Wield which item (- for none, * to show all)? (? for menu, Esc to quit)
It glows with a cold blue light!
f - a +2 whip of freezing (weapon)
Unknown command.
You hit kroki's ghost but do no damage. Kroki's ghost hits you!
You take 9 damage, and have 38/47 hp.
Your ring mail prevents you from hitting kroki's ghost.
You headbutt kroki's ghost, but do no damage.
You hit kroki's ghost.
You headbutt kroki's ghost, but do no damage.
Kroki's ghost hits you.
You take 1 damage, and have 37/47 hp.
You hit kroki's ghost. Kroki's ghost hits you.
You take 1 damage, and have 36/47 hp.
You hit kroki's ghost but do no damage. Kroki's ghost hits you.
You take 4 damage, and have 32/47 hp.
You hit kroki's ghost. You headbutt kroki's ghost. Kroki's ghost hits you.
You take 3 damage, and have 29/47 hp.
You barely miss kroki's ghost. Kroki's ghost hits you.
You take 2 damage, and have 27/47 hp.
You whack kroki's ghost! Kroki's ghost hits you.
You take 1 damage, and have 26/47 hp.
You hit kroki's ghost. You freeze kroki's ghost.
Your headbutt misses kroki's ghost.
Kroki's ghost keens inconsolably.
Kroki's ghost closely misses you.
You hit kroki's ghost but do no damage.
You headbutt kroki's ghost, but do no damage.
Kroki's ghost barely misses you.
You hit kroki's ghost. Your headbutt misses kroki's ghost.
You hit kroki's ghost but do no damage. Kroki's ghost closely misses you.
You hit kroki's ghost but do no damage. Your headbutt misses kroki's ghost.
Kroki's ghost barely misses you.
You hit kroki's ghost. You freeze kroki's ghost.
Kroki's ghost hits you but does no damage.
You hit kroki's ghost but do no damage. Your headbutt misses kroki's ghost.
Kroki's ghost hits you!
You take 9 damage, and have 18/47 hp.
You hit kroki's ghost but do no damage. Kroki's ghost hits you!
* * * LOW HITPOINT WARNING * * *
You take 6 damage, and have 12/47 hp.
You hit kroki's ghost but do no damage. Kroki's ghost hits you!
* * * LOW HITPOINT WARNING * * *
You take 8 damage, and have 4/47 hp.
You hit kroki's ghost. You headbutt kroki's ghost. Kroki's ghost hits you.
You die...

#........## #.........##
# #..........########
#..........##......
###..........#....### .
#............#.......
.#..#.#..................
................##....#.#
#....##.@........#....#..
... #.W........######## .
#..........# ...........#
### #...........######..
##.................#
#..............####
.....###.>.....## ...
##.###...###


You could see kroki's ghost.

Vanquished Creatures
  An orc priest (D:3)
  2 orc wizards (D:3)
  Jessica (D:2)
  4 gnolls (D:2)
  An adder (D:2)
  A worm (D:3)
  A giant gecko (D:1)
  12 orcs (D:3)
  A ball python (D:3)
  5 giant cockroaches
  5 goblins
  9 hobgoblins
  2 kobolds
  A quokka (D:2)
  6 bats
  2 giant newts (D:1)
  A rat (D:2)
55 creatures vanquished.

Notes
Turn   | Place    | Note
--------------------------------------------------------------
     0 | D:1      | kroki, the Minotaur Skald, began the quest for the Orb.
     0 | D:1      | Reached XP level 1. HP: 18/18 MP: 2/2
   217 | D:1      | Reached XP level 2. HP: 25/25 MP: 2/2
   267 | D:1      | Reached skill level 3 in Axes
   719 | D:2      | Reached skill level 3 in Fighting
   720 | D:2      | Noticed Jessica
   726 | D:2      | Killed Jessica
   726 | D:2      | Reached skill level 4 in Axes
   726 | D:2      | Reached XP level 3. HP: 29/31 MP: 3/3
  1000 | D:2      | Found a bloodstained altar of Trog.
  1119 | D:2      | Reached XP level 4. HP: 9/38 MP: 4/4
  1168 | D:2      | Became a worshipper of Trog the Wrathful
  1435 | D:2      | Reached skill level 5 in Axes
  1994 | D:3      | Reached XP level 5. HP: 41/46 MP: 4/4
  2002 | D:3      | Reached skill level 4 in Fighting
  2232 | D:3      | Reached skill level 6 in Axes
  2235 | D:3      | Acquired Trog's first power
  2366 | D:3      | Noticed kroki's ghost (average MiSk)
  2387 | D:3      | HP: 4/47 [kroki's ghost (8)]
  2388 | D:3      | Slain by kroki's ghost

Action                   |  1- 3 |  4- 6 || total
-------------------------+-------+-------++-------
Melee: Hand axe          |    83 |    51 ||   134
       Whip              |       |    49 ||    49
  Use: Scroll            |       |     5 ||     5
  Eat: Bread ration      |       |     1 ||     1
       Chunk             |       |     1 ||     1

Vault maps used:
D:1:      minmay_arrival_doors
D:2:      old_standard_altar, nicolae_overflow_hidden_temple, uniq_jessica
D:3:      first_bread

Table legend:
 A = Turns spent in this place as a percentage of turns spent in the entire game.
 B = Non-inter-level travel turns spent in this place as a percentage of non-inter-level travel turns spent in the entire game.
 C = Inter-level travel turns spent in this place as a percentage of turns spent in this place.
 D = Turns resting spent in this place as a percentage of non-inter-level travel turns spent in this place.
 E = Turns spent auto-exploring this place as a percentage of non-inter-level travel turns spent in this place.
 F = Non-inter-level travel turns spent in this place divided by the number of levels of this place that you've seen.
                   A       B       C       D       E      F
               +-------+-------+-------+-------+-------+----------------------
         Total | 100.0 | 100.0 |   0.5 |   1.7 |   9.3 | 367.3
       Dungeon | 100.0 | 100.0 |   0.5 |   1.7 |   9.3 | 367.3
               +-------+-------+-------+-------+-------+----------------------

Table legend:
 A = Kills in this place as a percentage of kills in entire the game.
 B = Kills by you in this place as a percentage of kills by you in the entire game.
 C = Kills by friends in this place as a percentage of kills by friends in the entire game.
 D = Other kills in this place as a percentage of other kills in the entire game.
 E = Experience gained in this place as a percentage of experience gained in the entire game.
 F = Experience gained in this place divided by the number of levels of this place that you have seen.
                   A       B       C       D       E      F
               +-------+-------+-------+-------+-------+----------------------
         Total | 100.0 | 100.0 |  -nan |  -nan | 100.0 | 104.0
       Dungeon | 100.0 | 100.0 |  -nan |  -nan | 100.0 | 104.0
               +-------+-------+-------+-------+-------+----------------------
